 Dungeon Sprint DCSS version 0.17.2-1-ge4368a0 (webtiles) character file.

5 hexophile the Grave Robber (level 1, -1/18 HPs)
             Began as a Demigod Necromancer on Oct 9, 2016.
             Slain by a worker ant (8 damage)
             ... in the Dungeon (Sprint IX: "|||||||||||||||||||||||||||||").
             The game lasted 00:00:49 (216 turns).

hexophile the Grave Robber (Demigod Necromancer)     Turns: 216, Time: 00:00:49

Health: -1/18      AC:  2    Str: 11    XL:     1   Next: 53%
Magic:  5/5        EV: 12    Int: 19    God:
Gold:   0          SH:  0    Dex: 16    Spells: 1 memorised, 2 levels left

rFire  . . .     SeeInvis .     h - +0 club
rCold  . . .     Clarity  .     a - +0 robe
rNeg   . . .     SustAt   +     (no shield)
rPois  .         Gourm    .     (no helmet)
rElec  .         Spirit   .     (no cloak)
rCorr  .         Warding  .     (no gloves)
rMut   .         NoTele   +     (no boots)
MR     .....                    (no amulet)
Stlth  ++........               (no ring)
                                (no ring)

@: very slightly contaminated, hasted, very quick, not resistant to hostile
enchantments, unstealthy
A: high mp 1, sustain attributes
a: no special abilities


You were in the Dungeon.
You were not hungry.

You visited 1 branch


Innate Abilities, Weirdness & Mutations

You have an increased reservoir of magic (+10% MP).
Your attributes are resistant to harm.

Inventory:

Hand Weapons
 h - a +0 club (weapon)
Armour
 a - a +0 robe (worn)
Potions
 d - a potion of curing
 e - a potion of heal wounds
 g - 2 potions of magic
Books
 b - a book of Necromancy

   Spells                             Type                      Level
   a - Pain                           Necromancy                   1
   b - Animate Skeleton               Necromancy                   1
   c - Vampiric Draining              Necromancy                   3
   d - Regeneration                   Charms/Necromancy            3
   e - Animate Dead                   Necromancy                   4
   f - Control Undead                 Necromancy                   4
Comestibles
 c - a chunk of flesh
 r - a bread ration


You had 2 spell levels left.
You knew the following spells:

 Your Spells              Type           Power        Failure   Level  Hunger
a - Pain                  Necr           ###.         4%          1    #......


   Skills:
 + Level 2.9 Fighting
 - Level 1.7 Dodging
 - Level 1.7 Stealth
 - Level 1.7 Spellcasting
 - Level 3.6 Necromancy

Dungeon Overview and Level Annotations

Branches:
Dungeon (1/1)

Vault maps used:
D:        linesprint
You       could see a centaur, a worker ant, a crimson imp and a shadow imp.


Message History

The worker ant barely misses you.
You open the door.
The worker ant bites you but does no damage.
Found six altars.
Found an iron altar of Okawaru.
There is an open door to the Temple here.
The worker ant bites you.
Found a burning altar of Makhleb.
There is a glowing silver altar of Zin here.
You lost 2 HP.
You have now: 11/18 HP.
Found a deep blue altar of Sif Muna.
There is a glowing golden altar of the Shining One here.
The crimson imp spits at you.
Found a bloodstained altar of Trog.
There is an ancient bone altar of Kikubaaqudgha here.
Found a sparkling altar of Nemelex Xobeh.
There is a basalt altar of Yredelemnul here.
The worker ant closely misses you.
Found a white marble altar of Elyvilon.
There is a shimmering altar of Xom here.
The crimson imp blinks!
The shadow imp shouts, "Scamper home, thou obnoxious dizzy-eyed lout!"
Found a roughly hewn altar of Beogh.
There is a radiant altar of Vehumet here.
Found a viscous altar of Jiyva.
There is an iron altar of Okawaru here.
Found a corrupted altar of Lugonu.
There is a burning altar of Makhleb here.
The shadow imp shouts, "Slither away, thou churlish bat-fowling foot-licker!"
The worker ant closely misses you.
Found a blossoming altar of Fedhas.
There is a deep blue altar of Sif Muna here.
Found a snail-covered altar of Cheibriados.
There is a bloodstained altar of Trog here.
Found a shadowy altar of Dithmenos.
There is a sparkling altar of Nemelex Xobeh here.
Found a stormy altar of Qazlal.
There is a white marble altar of Elyvilon here.
Found an opulent altar of Gozag.
There is a roughly hewn altar of Beogh here.
The worker ant bites you.
* * * LOW HITPOINT WARNING * * *
Found a sacrificial altar of Ru.
There is a viscous altar of Jiyva here.
You lost 5 HP.
You have now: 7/18 HP.
Drink which item? (? for menu, Esc to quit)
You feel yourself speed up.
The shadow imp laughs crazily.
The worker ant bites you!
You die...

Action                   || total
-------------------------++-------
Melee: Unarmed           ||    11
       Club              ||     3
  Use: Potion            ||     2
       Scroll            ||     1

Notes
Turn   | Place    | Note
--------------------------------------------------------------
     0 | D        | hexophile the Demigod Necromancer began the quest for the Orb.
     0 | D        | Reached XP level 1. HP: 14/14 MP: 5/5
    11 | D        | Reached skill level 1 in Fighting
    13 | D        | Reached skill level 2 in Fighting
    29 | D        | Banished a spatial maelstrom
   195 | D        | Noticed a crimson imp
   195 | D        | Noticed a centaur
   195 | D        | Noticed a worker ant
   200 | D        | Found a glowing silver altar of Zin.
   200 | D        | Found a glowing golden altar of the Shining One.
   200 | D        | Found an ancient bone altar of Kikubaaqudgha.
   200 | D        | Found a basalt altar of Yredelemnul.
   200 | D        | Found a shimmering altar of Xom.
   200 | D        | Found a radiant altar of Vehumet.
   201 | D        | Found an iron altar of Okawaru.
   202 | D        | Found a burning altar of Makhleb.
   203 | D        | Found a deep blue altar of Sif Muna.
   204 | D        | Found a bloodstained altar of Trog.
   205 | D        | Found a sparkling altar of Nemelex Xobeh.
   206 | D        | Found a white marble altar of Elyvilon.
   207 | D        | Found a roughly hewn altar of Beogh.
   208 | D        | Found a viscous altar of Jiyva.
   209 | D        | Found a corrupted altar of Lugonu.
   210 | D        | Found a blossoming altar of Fedhas.
   211 | D        | Found a snail-covered altar of Cheibriados.
   212 | D        | Found a shadowy altar of Dithmenos.
   213 | D        | Found a stormy altar of Qazlal.
   214 | D        | Found an opulent altar of Gozag.
   215 | D        | Found a sacrificial altar of Ru.
   216 | D        | Slain by a worker ant

Table legend:
 A = Turns spent in this place as a percentage of turns spent in the entire game.
 B = Non-inter-level travel turns spent in this place as a percentage of non-inter-level travel turns spent in the entire game.
 C = Inter-level travel turns spent in this place as a percentage of turns spent in this place.
 D = Turns resting spent in this place as a percentage of non-inter-level travel turns spent in this place.
 E = Turns spent auto-exploring this place as a percentage of non-inter-level travel turns spent in this place.
 F = Non-inter-level travel turns spent in this place divided by the number of levels of this place that you've seen.
                   A       B       C       D       E      F
               +-------+-------+-------+-------+-------+----------------------
         Total | 100.0 | 100.0 |   0.0 |  10.3 |   0.0 |  78.0
       Dungeon | 100.0 | 100.0 |   0.0 |  10.3 |   0.0 |  78.0
               +-------+-------+-------+-------+-------+----------------------

Table legend:
 A = Kills in this place as a percentage of kills in entire the game.
 B = Kills by you in this place as a percentage of kills by you in the entire game.
 C = Kills by friends in this place as a percentage of kills by friends in the entire game.
 D = Other kills in this place as a percentage of other kills in the entire game.
 E = Experience gained in this place as a percentage of experience gained in the entire game.
 F = Experience gained in this place divided by the number of levels of this place that you have seen.
                   A       B       C       D       E      F
               +-------+-------+-------+-------+-------+----------------------
         Total | 100.0 | 100.0 |  -nan |  -nan | 100.0 |   8.0
       Dungeon | 100.0 | 100.0 |  -nan |  -nan | 100.0 |   8.0
               +-------+-------+-------+-------+-------+----------------------

Vanquished Creatures
  3 hobgoblins (D)
  A giant newt (D)
  A rat (D)
5 creatures vanquished.

Vanquished Creatures (others)
  A spatial maelstrom (D)
1 creature vanquished.

Grand Total: 6 creatures vanquished
